 Dungeon Crawl Stone Soup version 0.31.0-12-g77e489cdc1 (webtiles) character file.

Game seed: 1918244380560616722

286 spaghetti the Sneak (level 6, 0/47 HPs)
             Began as a Human Chaos Knight on Feb 23, 2024.
             Was a Plaything of Xom.
             Slain by a two-headed ogre
             ... wielding a +0 giant spiked club
              (30 damage)
             ... on level 4 of the Dungeon.
             The game lasted 00:03:09 (2784 turns).

spaghetti the Sneak (Human Chaos Knight)            Turns: 2784, Time: 00:03:09

Health: 0/47       AC:  6    Str: 12    XL:     6   Next: 30%
Magic:  6/6        EV: 16    Int: 13    God:    Xom [*.....]
Gold:   129        SH:  0    Dex: 20    Spells: 5/5 levels left

rFire   . . .        q - +3 quarterstaff (flame)
rCold   . . .        (shield currently unavailable)
rNeg    . . .        r - +1 leather armour {rPois}
rPois   +            j - +0 helmet
rElec   .            m - +0 cloak
rCorr   .            (no gloves)
SInv    .            (no boots)
Will    .....        k - amulet of regeneration
Stlth   +++          h - +6 ring of dexterity
HPRegen 1.07/turn    i - +5 ring of evasion
MPRegen 0.10/turn

%: no passive effects
@: no status effects
A: explore regen
a: Renounce Religion


You were on level 4 of the Dungeon.
You worshipped Xom.
You were a special plaything of Xom.
You visited 1 branch of the dungeon, and saw 4 of its levels.

You collected 168 gold pieces.
You spent 39 gold pieces at shops.

Inventory:

Hand Weapons
 a - a +0 short sword of chaos
 q - a +3 quarterstaff of flaming (weapon)
Armour
 b - a +2 leather armour
 j - a +0 helmet (worn)
 m - a +0 cloak (worn)
 r - a +1 leather armour of poison resistance (worn)
Jewellery
 h - a +6 ring of dexterity (left hand)
 i - a +5 ring of evasion (right hand)
 k - an amulet of regeneration (around neck)
Scrolls
 c - a scroll of butterflies
 e - 5 scrolls of teleportation
 g - a scroll of immolation
 p - a scroll of silence
 s - a scroll of noise
Potions
 d - a potion of lignification
 f - 2 potions of brilliance
 n - 2 potions of curing
 o - a potion of degeneration


   Skills:
 - Level 3.0 Fighting
 - Level 3.0 Short Blades
 - Level 2.0 Armour
 - Level 1.0 Dodging
 + Level 6.6 Stealth


You had 5 spell levels left.
You didn't know any spells.
Your spell library contained the following spells:

 Spells                   Type           Power      Damage    Failure   Level
 Ensorcelled Hibernation  Hex/Ice        0%         N/A       52%         2
 Passwall                 Erth           0%         N/A       75%         3
 Swiftness                Air            0%         N/A       75%         3
 Malign Gateway           Summ/Tloc      0%         N/A       100%        7
 Summon Horrible Things   Summ           0%         N/A       100%        8


Dungeon Overview and Level Annotations

Branches:
Dungeon (4/15)
 Temple: D:4-7

Altars:
Zin

Shops:
D:1 *


Innate Abilities, Weirdness & Mutations

You regain HP and MP as you explore.


Message History

Xom makes a sudden noise!
You hear snatches of song.
As you read the scroll labelled JAUTEU UMUICY, it crumbles to dust.
It is a scroll of amnesia.
You feel forgetful for a moment.
As you read the scroll labelled UCROCR TAIVYERGH, it crumbles to dust.
You feel aware of your surroundings.
You sensed 1 altar.
It was a scroll of revelation.
Found a rapier.
You see here a +0 rapier.
Found a leather armour.
A two-headed ogre comes into view.
It is wielding a +0 giant spiked club and a +0 giant club.
A two-headed ogre is nearby!
You hit the two-headed ogre. You burn the two-headed ogre.
The two-headed ogre is lightly wounded.
The two-headed ogre hits you with a +0 giant spiked club!!
The two-headed ogre barely misses you.
You are too injured to fight recklessly!
You are too injured to fight recklessly!
You are too injured to fight recklessly!
You are too injured to fight recklessly!
You are too injured to fight recklessly!
You are too injured to fight recklessly!
You are too injured to fight recklessly!
You are too injured to fight recklessly!
You are too injured to fight recklessly!
You are too injured to fight recklessly!
You are too injured to fight recklessly!
You are too injured to fight recklessly!
You are too injured to fight recklessly!
You are too injured to fight recklessly!
You are too injured to fight recklessly!
You are too injured to fight recklessly!
You are too injured to fight recklessly!
Unknown command.
You hit the two-headed ogre. You burn the two-headed ogre.
The two-headed ogre is lightly wounded.
The two-headed ogre hits you with a +0 giant spiked club!!
Ouch! That really hurt!
You die...
Xom titters!

**,*,*
**,,,,,,,*##.#.......#
******,*
**,,,,,**#..........#
,,,,,,,* **,,,**
#..........# ,*****,* **+**
#..........# ,*,,,,,* #,*
####.......# ,,,,,,,* #.*
#.......# ,,,,,,,* ##.#*
####.####
,*,**,***####...####### #)#
,*,,,,,,,......O@....[####.#
,****,***####....#.#.......#
,* *,* #.....###.######
,****,* ####...#..# ,,,,,,*
####.### ******* ###


You could see a two-headed ogre.

Vanquished Creatures
  A scorpion (D:3)
  2 bombardier beetles
  Crazy Yiuf (D:2)
  Jessica (D:2)
  2 orc wizards (D:3)
  2 adders (D:2)
  2 dart slugs
  4 orcs
  4 ball pythons
  A bat (D:1)
  2 endoplasms
  A giant cockroach (D:3)
  5 hobgoblins
  4 jackals (D:2)
  7 kobolds
  2 quokkas
  A goblin (D:1)
  4 rats
46 creatures vanquished.

Vanquished Creatures (others)
  A kobold zombie (D:3)
1 creature vanquished.

Grand Total: 47 creatures vanquished

Notes
Turn   | Place    | Note
-------+----------+-------------------------------------------
     0 | D:1      | spaghetti the Human Chaos Knight began the quest for the
                  | Orb.
     0 | D:1      | Reached XP level 1. HP: 18/18 MP: 1/1
   243 | D:1      | XOM: silly message
   245 | D:1      | Reached skill level 1 in Stealth
   276 | D:1      | Reached XP level 2. HP: 24/24 MP: 2/2
   306 | D:1      | Reached skill level 2 in Stealth
   405 | D:1      | XOM: divination: detect items
   458 | D:1      | Found a faded altar of an unknown god.
   498 | D:1      | XOM: silly message
   520 | D:1      | XOM: silly message
   582 | D:1      | Found Ifef's General Store.
   601 | D:1      | Bought a scroll of teleportation for 39 gold pieces
   899 | D:1      | XOM: silly message
  1021 | D:2      | Reached XP level 3. HP: 21/29 MP: 3/3
  1030 | D:2      | Reached skill level 3 in Stealth
  1144 | D:2      | Noticed Jessica
  1145 | D:2      | XOM: potion effect (invisibility)
  1156 | D:2      | Killed Jessica
  1157 | D:2      | Reached XP level 4. HP: 35/35 MP: 4/4
  1177 | D:2      | Reached skill level 4 in Stealth
  1516 | D:2      | XOM: silly message
  1608 | D:2      | Found a runed translucent door.
  1609 | D:2      | Noticed Crazy Yiuf
  1617 | D:2      | Killed Crazy Yiuf
  1805 | D:3      | You fall into a shaft and drop 1 floor!
  1818 | D:4      | Reached skill level 5 in Stealth
  1818 | D:4      | Reached XP level 5. HP: 30/41 MP: 5/5
  1962 | D:3      | XOM: silly message
  1973 | D:3      | XOM: divination: detect items
  2005 | D:3      | Reached skill level 6 in Stealth
  2011 | D:3      | XOM: potion effect (invisibility)
  2051 | D:3      | XOM: silly message
  2195 | D:3      | XOM: silly message
  2267 | D:3      | XOM: divination: detect items
  2298 | D:3      | XOM: silly message
  2321 | D:3      | XOM: summons 3 hostile demons
  2322 | D:3      | Reached XP level 6. HP: 47/47 MP: 6/6
  2382 | D:3      | Found a glowing silver altar of Zin.
  2738 | D:4      | XOM: noise
  2777 | D:4      | Noticed a two-headed ogre
  2784 | D:4      | Slain by a two-headed ogre

Illustrated notes

Levels and vault maps discovered:
D:1:      lightli_arrival_isolated_outpost, layout_basic,
          shapermc_ecumenical_altar_mp_highgroup, serial_shops, shop,
          chequers_serial_rivers_large_b
D:2:      layout_loops_ring, uniq_jessica, uniq_crazy_yiuf_cottage
D:3:      layout_basic, mainiacjoe_overflow_brackets
D:4:      layout_loops_corners, cheibrodos_ashenzari_chains,
          portal_sewer_entry_b

Skill      XL: |  1  2  3  4  5 |
---------------+----------------+-----
Stealth        | 1 2 3 5 6 |  6.6
Fighting       | |  3.0
Short Blades   | |  3.0
Armour         | |  2.0
Dodging        | |  1.0

Action                     |  1- 3 |  4- 6 || total
---------------------------+-------+-------++-------
  Melee: Short sword       |    84 |    25 ||   109
         Quarterstaff      |       |    47 ||    47
         Punch             |       |     1 ||     1
    Use: Potion            |       |     2 ||     2
         Scroll            |       |     9 ||     9
   Stab: Sleeping          |     2 |    10 ||    12
         Invisible         |     1 |       ||     1
         Confused          |       |     1 ||     1
 Armour: Leather armour    |    34 |    49 ||    83
  Dodge: Dodged            |    40 |   102 ||   142
